 Dungeon Crawl Stone Soup version 0.24-a0-537-g2d01d4ab0a (webtiles) character file.

Game seed: 2126479657457936944

37 Mithandil the Sneak (level 3, 28/28 HPs)
             Began as a Naga Wizard on Aug 16, 2019.
             Quit the game on level 2 of the Dungeon.
             The game lasted 00:09:50 (1369 turns).

Mithandil the Sneak (Naga Wizard)                   Turns: 1369, Time: 00:09:50

Health: 28/28      AC:  3    Str:  9    XL:     3   Next: 39%
Magic:  4/7        EV: 10    Int: 19    God:
Gold:   95         SH:  0    Dex:  9    Spells: 2/8 levels left

rFire    . . .     SeeInvis +   a - +0 whip
rCold    . . .     Gourm    .   (no shield)
rNeg     . . .     Faith    .   h - +0 robe
rPois    +         Spirit   .   e - +0 hat
rElec    .         Reflect  .   r - +0 cloak
rCorr    .         Harm     .   (no gloves)
MR       .....                  (no barding)
Stlth    ++........             (no amulet)
HPRegen  0.09/turn              (no ring)
MPRegen  0.10/turn              (no ring)

@: very slow
A: large, see invisible, deformed body, poison resistance, slowness 2, slow
metabolism 1, spit poison 1, AC +1
a: Spit Poison


You were on level 2 of the Dungeon.
You were not hungry.

You visited 1 branch of the dungeon, and saw 2 of its levels.

You collected 95 gold pieces.

Inventory:

Hand Weapons
 a - a +0 whip (weapon)
 b - a +0 hunting sling
 l - a +0 mace
Missiles
 i - 72 stones (quivered)
 k - 14 arrows
 p - 25 sling bullets
Armour
 e - a +0 hat (worn)
 h - a +0 robe (worn)
 r - a +0 cloak (worn)
Scrolls
 c - a scroll of fear {unknown}
 f - 3 scrolls of teleportation {unknown}
 m - a scroll of identify {unknown}
 o - a scroll of blinking {unknown}
 q - a scroll of remove curse {unknown}
Potions
 g - a potion of lignification {unknown}
 j - 3 potions of curing {unknown}
 n - a potion of degeneration {unknown}
Comestibles
 d - 3 rations
 s - a chunk of flesh


   Skills:
 + Level 1.9 Dodging
 + Level 3.6 Stealth
 * Level 3.4 Spellcasting
 * Level 1.9 Conjurations
   Level 1.0 Summonings
 + Level 1.0 Translocations
 + Level 0.0 Fire Magic


You had 2 spell levels left.
You knew the following spells:

 Your Spells              Type           Power        Failure   Level  Hunger
a - Magic Dart            Conj           ##..         7%          1    None
b - Blink                 Tloc           N/A          14%         2    ##.....
c - Conjure Flame         Conj/Fire      #.......     30%         3    ###....

Your spell library contained the following spells:

 Spells                   Type           Power        Failure   Level  Hunger
 Call Imp                 Summ           #.......     14%         2    ##.....
 Slow                     Hex            #.......     22%         2    ##.....
 Mephitic Cloud           Conj/Pois/Air  #.......     34%         3    ###....


Dungeon Overview and Level Annotations

Branches:
Dungeon (2/15)

Altars:


Innate Abilities, Weirdness & Mutations

You cannot wear boots.
Your serpentine skin is tough. (AC +1)
You have supernaturally acute eyesight. (SInv)
Armour fits poorly on your strangely shaped body.
Your system is resistant to poisons. (rPois)
You cover ground very slowly.
You have a slow metabolism.
You can spit poison.


Message History

The magic dart hits the goblin.
The goblin is heavily wounded.
The goblin shouts!
Casting: Magic Dart (safe; 7% risk of failure)
Confirm with . or Enter, or press ? or * to list all spells.
Aiming: Magic Dart (safe; 7% risk of failure)
Press: ? - help, Shift-Dir - straight line, f/p - goblin
Aim: a goblin, wielding a +0 dagger (heavily wounded)
The magic dart hits the goblin.
The goblin is severely wounded.
Casting: Magic Dart (safe; 7% risk of failure)
Confirm with . or Enter, or press ? or * to list all spells.
Aiming: Magic Dart (safe; 7% risk of failure)
Press: ? - help, Shift-Dir - straight line, f/p - goblin
Aim: a goblin, wielding a +0 dagger (severely wounded)
The magic dart hits the goblin.
You kill the goblin!
Things that are here:
a +0 dagger; a goblin corpse Are you sure you want to abandon this character and quit the game? (Confirm with "yes".)

## #.# ##...## .#
#.# ##'## .# #.#
#.# .###.# #.#
.....# ##.##
.##########...##
.# ..........# .#
...###...#######.#
.. .
#......@.....# ##
........#########
.########


There were no monsters in sight!

Vanquished Creatures
  A worm (D:2)
  2 dart slugs (D:1)
  A leopard gecko (D:1)
  A ball python (D:1)
  3 bats (D:1)
  4 giant cockroaches
  3 goblins
  2 hobgoblins (D:1)
  4 jackals (D:1)
  2 frilled lizards (D:1)
  2 rats (D:1)
25 creatures vanquished.

Notes
Turn   | Place    | Note
-------+----------+-------------------------------------------
     0 | D:1      | Mithandil the Naga Wizard began the quest for the Orb.
     0 | D:1      | Reached XP level 1. HP: 15/15 MP: 4/4
   102 | D:1      | Reached XP level 2. HP: 11/22 MP: 0/6
   818 | D:1      | Reached XP level 3. HP: 9/28 MP: 1/7
   958 | D:1      | Learned a level 2 spell: Blink
   962 | D:1      | Learned a level 3 spell: Conjure Flame
  1369 | D:2      | Quit the game

Levels and vault maps discovered:
D:1:      saegor_arrival_simple_b, layout_basic
D:2:      layout_loops_corners

Action                   || total
-------------------------++-------
Melee: Club              ||     9
       Whip              ||    31
 Cast: Magic Dart        ||    52
       Blink             ||     1
 Abil: Spit Poison       ||     7
  Eat: Chunk             ||     1
Armor: Robe              ||    16
Dodge: Dodged            ||    44

Table legend:
 A = Non-vault XP
 B = Vault XP
 C = Vault XP percentage of total XP
 D = Non-vault monster count
 E = Vault monster count
 F = Vault count percentage of total count
                 A         B        C        D         E       F
            +---------+---------+-------+---------+---------+-------
      Total |      53 |       0 |   0.0 |      25 |       0 |   0.0
            +---------+---------+-------+---------+---------+-------
        D:1 |      42 |       0 |   0.0 |      21 |       0 |   0.0
        D:2 |      11 |       0 |   0.0 |       4 |       0 |   0.0
            +---------+---------+-------+---------+---------+-------
